 Dungeon Crawl Stone Soup version 0.17.1-2-g5865329 (webtiles) character file.

501 Iamburgie the Skirmisher (level 6, -3/60 HPs)
             Began as a Minotaur Fighter on Feb 7, 2016.
             Slain by Kiel97's ghost (5 damage)
             ... on level 4 of the Dungeon.
             The game lasted 00:08:08 (3483 turns).

Iamburgie the Skirmisher (Minotaur Fighter)         Turns: 3483, Time: 00:08:08

Health: -3/60      AC:  8    Str: 20    XL:     6   Next: 95%
Magic:  5/5        EV:  7    Int:  5    God:
Gold:   202        SH:  9    Dex: 12    Spells: 0 memorised, 5 levels left

rFire  . . .     SeeInvis .     a - +0 war axe
rCold  . . .     Clarity  .     b - +0 scale mail
rNeg   . . .     SustAt   .     c - +0 shield
rPois  .         Gourm    .     (helmet restricted)
rElec  .         Spirit   .     h - +0 cloak
rCorr  .         Warding  .     (no gloves)
rMut   .         Stasis   .     (no boots)
MR     .....                    (no amulet)
Stlth  ..........               (no ring)
                                o - ring of flight

@: not resistant to hostile enchantments, extremely unstealthy
A: retaliatory headbutt, horns 2
a: Evoke Flight


You were on level 4 of the Dungeon.
You were not hungry.

You visited 1 branch of the dungeon, and saw 4 of its levels.

You collected 202 gold pieces.

Inventory:

Hand Weapons
 a - a +0 war axe (weapon)
Armour
 b - a +0 scale mail (worn)
 c - a +0 shield (worn)
 h - a +0 cloak (worn)
Jewellery
 o - a ring of flight (left hand)
Scrolls
 g - a scroll of identify
 k - a scroll of noise {unknown}
 l - a scroll of teleportation
 n - a scroll of blinking {unknown}
 q - a scroll of remove curse
Potions
 d - a potion of might
 j - a potion of resistance
 r - 4 potions of curing
Comestibles
 e - 3 bread rations
 f - 9 chunks of flesh
 i - a beef jerky
 m - a royal jelly
 p - a meat ration


   Skills:
 + Level 7.1 Fighting
 + Level 6.6 Axes
 - Level 3.6 Armour
 - Level 3.6 Shields


You had 5 spell levels left.
You didn't know any spells.

Dungeon Overview and Level Annotations

Branches:
Dungeon (4/15)
 Temple: D:4-7

Altars:
Kikubaaqudgha
Yredelemnul
The Shining One

Shops:
D:4 [[=

Annotations:
D:4 Kiel97's ghost, amateur GrFi


Innate Abilities, Weirdness & Mutations

You reflexively headbutt those who attack you in melee.
You have a pair of horns on your head.


Message History

Kiel97's ghost is lightly damaged.
You block Kiel97's ghost's attack.
You hit Kiel97's ghost but do no damage.
Kiel97's ghost is lightly damaged.
You block Kiel97's ghost's attack.
You hit Kiel97's ghost. Your headbutt misses Kiel97's ghost.
Kiel97's ghost is lightly damaged.
Kiel97's ghost hits you.
* * * LOW HITPOINT WARNING * * *
You are electrocuted!
* * * LOW HITPOINT WARNING * * *
You hit Kiel97's ghost but do no damage.
Kiel97's ghost is lightly damaged.
Kiel97's ghost hits you.
* * * LOW HITPOINT WARNING * * *
Kiel97's ghost closely misses you.
You hit Kiel97's ghost.
Kiel97's ghost is lightly damaged.
Kiel97's ghost hits you.
You die...

... ..# #.#.# #.#
#.....# ..# #.#.### #.#
#.....####.# #.#.#.###.#
#..........###.#...#...#
#...........##.#.#.#.###
#...........##.###.#.#
#...........##.....#.#
#.....))..#.#####.#
#...@W..#.#.# #.#
#######...#.# #.#
#.........#.#####.#
#.................#
#.........#.#######
#......##.#.#####
.......
####.##..........
........# #.##.#..#.####
........# #.##.##.#..#


You could see Kiel97's ghost.

Vanquished Creatures
  Duvessa (D:4)
  The ghost of laaw the Magician, an amateur HEWz (D:3)
  Dowan (D:4)
  An orc priest (D:3)
  Crazy Yiuf (D:2)
  An orc wizard (D:3)
  A worker ant (D:4)
  5 adders
  3 oozes
  3 worms (D:2)
  2 giant geckos (D:3)
  7 orcs (D:3)
  13 bats
  A giant cockroach (D:3)
  10 goblins
  5 hobgoblins
  12 jackals
  3 quokkas (D:3)
  3 ball pythons
  2 giant newts
  12 kobolds
  9 rats
  A fungus (D:2)
98 creatures vanquished.

Notes
Turn   | Place    | Note
--------------------------------------------------------------
     0 | D:1      | Iamburgie the Minotaur Fighter began the quest for the Orb.
     0 | D:1      | Reached XP level 1. HP: 19/19 MP: 0/0
   301 | D:1      | Reached XP level 2. HP: 27/27 MP: 1/1
   610 | D:1      | Reached skill level 4 in Fighting
   695 | D:2      | Reached XP level 3. HP: 30/33 MP: 2/2
   769 | D:2      | Found a glowing golden altar of the Shining One.
   883 | D:2      | Found an ancient bone altar of Kikubaaqudgha.
  1167 | D:2      | Found a glowing golden altar of the Shining One.
  1295 | D:2      | Noticed Crazy Yiuf
  1303 | D:2      | Killed Crazy Yiuf
  1303 | D:2      | Reached skill level 5 in Fighting
  1303 | D:2      | Reached XP level 4. HP: 7/42 MP: 3/3
  1861 | D:3      | Noticed laaw's ghost (amateur HEWz)
  1879 | D:3      | Killed laaw's ghost
  1879 | D:3      | Reached skill level 5 in Axes
  1879 | D:3      | Reached XP level 5. HP: 29/50 MP: 4/4
  1918 | D:3      | Reached skill level 6 in Fighting
  2166 | D:3      | Reached XP level 6. HP: 41/57 MP: 5/5
  2617 | D:3      | Found a runed door.
  2617 | D:3      | Noticed a human
  2619 | D:3      | Found a basalt altar of Yredelemnul.
  2985 | D:4      | Found Wuddis's Antique Armour Emporium.
  2987 | D:4      | Found Ykiwk's Antique Armour Shoppe.
  3010 | D:4      | Found Yptio's Jewellery Emporium.
  3286 | D:4      | Noticed Duvessa
  3286 | D:4      | Noticed Dowan
  3294 | D:4      | Killed Dowan
  3302 | D:4      | Killed Duvessa
  3302 | D:4      | Reached skill level 7 in Fighting
  3472 | D:4      | Noticed Kiel97's ghost (amateur GrFi)
  3481 | D:4      | HP: 3/60 [Kiel97's ghost (8)]
  3483 | D:4      | Slain by Kiel97's ghost

Action                   |  1- 3 |  4- 6 || total
-------------------------+-------+-------++-------
Melee: War axe           |   100 |   141 ||   241
  Use: Potion            |       |     2 ||     2
       Scroll            |       |     4 ||     4
  Eat: Chunk             |     1 |     8 ||     9
